cohdb
Replays
Latest Replays
All Replays
Popular Replays
Top Player Replays
Match Explorer
How It Works
Community
CoH3 Stats
Reddit
Sign in to upload your games and track your stats! →
Sign in with Steam
Match 43021985
Unlisted
Match 43021985
Overview
Messages
Build Orders
End
Construct Barracks
Selects Armored Battlegroup
Selects Veteran Crews
1⁄4-ton 4x4 Truck
1⁄4-ton 4x4 Truck
Riflemen Squad
Grenade Package
Engineer Squad
Air Support Center
Selects Fast Deploy
P-47 Strafing Run
Construct Medical Station
Grasshopper Recon Run
.30 cal Machine Gun
Selects Field Repairs
Construct Motor Pool
M1 Mortar Team
Grasshopper Recon Run
M1918 Browning Automatic Rifles
.30 cal Machine Gun
Grasshopper Recon Run
M24 Chaffee Light Tank
P-47 Strafing Run
Construct Weapon Support Center
Bazooka Squad
Bazooka Squad
Improved M9 Bazooka Rockets
P-47 Strafing Run
dog
Atlan
ItsBrettos
vonAJ
Jopjahh
Manfred Von Blubberhofen
Skullclown
FreeMaxD
0
0
Comments
sign in to comment!
No comments posted yet!